 Dungeon Crawl Stone Soup version 0.32-a0-18-g89e19f1974 (webtiles) character file.

Game seed: 14603063758826720629

504 LeprechaunX the Changeling (level 7, -3/46 HPs)
             Began as an Octopode Shapeshifter on Jan 16, 2024.
             Slain by a gnoll bouda
             ... wielding a +0 whip
              (7 damage)
             ... on level 4 of the Dungeon.
             The game lasted 00:02:46 (2670 turns).

LeprechaunX the Changeling (Octopode Shapeshifter)  Turns: 2670, Time: 00:02:47

Health: -3/46      AC:  1    Str: 13    XL:     7   Next: 17%
Magic:  7/7        EV: 13    Int: 13    God:
Gold:   96         SH:  4    Dex: 13    Spells: 6/6 levels left

rFire   . .          .
                       - Unarmed
rCold   . . .        k - +0 buckler
rNeg    . . .        (helmet currently unavailable)
rPois   .            (no amulet)
rElec   .            (no ring)
rCorr   .            (no ring)
SInv    .            (no ring)
Will    .....        (no ring)
Stlth   ++           (no ring)
HPRegen 0.27/turn    (no ring)
MPRegen 0.10/turn    (no ring)
                     (no ring)

%: no passive effects
@: beast-form, weakened
A: beast (slay +2), almost no armour, amphibious, 8 rings, camouflage 1,
gelatinous body 1, (nimble swimmer 1), tentacles
a: Begin Untransformation


You were on level 4 of the Dungeon.
You were a hulking beast.
You visited 1 branch of the dungeon, and saw 4 of its levels.

You collected 96 gold pieces.

Inventory:

Missiles
 u - 5 boomerangs (quivered)
Armour
 k - a +0 buckler (worn)
Jewellery
 t - an amulet of reflection
Talismans
 b - a beast talisman
 c - a flux talisman
 f - a blade talisman
Scrolls
 d - 4 scrolls of identify {unknown}
 g - a scroll of immolation {unknown}
 h - 2 scrolls of fear {unknown}
 l - a scroll of fog {unknown}
 n - a scroll of summoning {unknown}
 p - a scroll of silence {unknown}
 q - 2 scrolls of amnesia {unknown}
 s - a scroll of revelation {unknown}
Potions
 a - a potion of lignification
 e - 5 potions of curing {unknown}
 i - a potion of heal wounds {unknown}
 j - a potion of ambrosia {unknown}
 m - a potion of enlightenment {unknown}
 o - a potion of attraction {unknown}
 r - 2 potions of might {unknown}
 v - a potion of cancellation {unknown}


   Skills:
 + Level 3.1 Fighting
 + Level 1.0 Throwing
 - Level 3.0 Dodging
 + Level 2.3 Shields
 + Level 4.2 Unarmed Combat
 * Level 5.0 Shapeshifting


You had 6 spell levels left.
You didn't know any spells.
Your spell library contained the following spells:

 Spells                   Type           Power      Damage    Failure   Level
 Call Canine Familiar     Summ           0%         N/A       77%         3
 Sigil of Binding         Hex            0%         N/A       77%         3
 Dimensional Bullseye     Hex/Tloc       0%         N/A       99%         4


Dungeon Overview and Level Annotations

Branches:
Dungeon (4/15)
 Temple: D:4-7

Altars:


Innate Abilities, Weirdness & Mutations

You are a hulking beast.
Your limbs bulge with bestial killing power. (Slay +2)
You cannot wear most types of armour.
You are amphibious.
You can wear up to eight rings at the same time.
Your skin changes colour to match your surroundings (Stealth+).
Your rubbery body absorbs attacks. (AC +1, EV +1)
((You are camouflaged when in or above water. (Stealth+)))
You have tentacles for arms and can constrict up to eight enemies at once.


Message History

The gnoll bouda barks out a call to the hunt!
You tentacle-slap the gnoll bouda but do no damage.
You constrict the gnoll bouda. The gnoll bouda closely misses you.
You tentacle-slap the gnoll bouda but do no damage.
You squeeze the gnoll bouda.
The gnoll bouda is heavily wounded.
You constrict the gnoll bouda, but do no damage.
The gnoll bouda hits you with a +0 whip!
The gnoll hits you with a +0 whip!
You tentacle-slap the gnoll bouda but do no damage.
The gnoll bouda is heavily wounded.
Your attacks no longer feel as feeble.
You constrict the gnoll bouda.
The gnoll bouda hits you with a +0 whip!
* * * LOW HITPOINT WARNING * * *
The gnoll hits you with a +0 whip.
* * * LOW HITPOINT WARNING * * *
You release your grip on the gnoll bouda.
The gnoll bouda barks out a call to the hunt!
You see here a +0 flail.
You barely miss the gnoll. You grab the gnoll.
You constrict the gnoll, but do no damage.
The gnoll hits you with a +0 whip.
* * * LOW HITPOINT WARNING * * *
A gnoll comes into view. It is wielding a +0 whip.
You bludgeon the gnoll!
The gnoll is heavily wounded.
You constrict the gnoll. The gnoll barely misses you.
The gnoll bouda gazes fiercely through you!
You feel your attacks grow feeble.
Unknown command.
Unknown command.
You tentacle-slap the gnoll. You squeeze the gnoll.
You kill the gnoll!
Unknown command.
You tentacle-slap the gnoll bouda. You grab the gnoll bouda.
The gnoll bouda is heavily wounded.
You constrict the gnoll bouda, but do no damage.
The gnoll bouda hits you with a +0 whip!
You die...

#### #... ..#
#####..#
#..hgg.#
#.###.###.##
#.......#...
#..##.#.#####
#. ...#.>.#
##.#..###.#
#. ...# #.# #
...## #)#
.... #.#


You could see a gnoll bouda and a gnoll (swift).

Vanquished Creatures
  Grinder (D:3)
  A phantom (D:4)
  A hound (D:4)
  Jessica (D:2)
  6 gnolls
  5 adders
  A ribbon worm (D:3)
  2 dart slugs
  2 orcs
  4 endoplasms
  4 giant cockroaches
  6 goblins
  2 hobgoblins
  13 jackals
  7 kobolds
  4 quokkas
  3 ball pythons (D:1)
  4 bats
  7 frilled lizards
  2 rats
76 creatures vanquished.

Notes
Turn   | Place    | Note
-------+----------+-------------------------------------------
     0 | D:1      | LeprechaunX the Octopode Shapeshifter began the quest for
                  | the Orb.
     0 | D:1      | Reached XP level 1. HP: 13/13 MP: 1/1
    97 | D:1      | Reached XP level 2. HP: 18/18 MP: 2/2
   266 | D:1      | Reached XP level 3. HP: 23/23 MP: 3/3
   936 | D:2      | Noticed Jessica
   939 | D:2      | Killed Jessica
   940 | D:2      | Reached XP level 4. HP: 29/29 MP: 4/4
  1533 | D:3      | Reached skill level 4 in Shapeshifting
  1537 | D:3      | Reached XP level 5. HP: 11/34 MP: 5/5
  1657 | D:3      | Noticed Grinder
  1667 | D:3      | Killed Grinder
  1668 | D:3      | Reached skill level 1 in Shields
  1668 | D:3      | Reached XP level 6. HP: 30/41 MP: 6/6
  2504 | D:4      | Reached XP level 7. HP: 20/46 MP: 7/7
  2632 | D:4      | Reached skill level 5 in Shapeshifting
  2658 | D:4      | Reached skill level 1 in Throwing
  2670 | D:4      | Slain by a gnoll bouda

Illustrated notes

Levels and vault maps discovered:
D:1:      beargit_arrival_diablo_church, layout_basic
D:2:      layout_basic, chequers_garden, minmay_cupped, uniq_jessica
D:3:      layout_basic, uniq_grinder
D:4:      layout_basic, moated_statue

Skill      XL: |  1  2  3  4  5  6  7 |
---------------+----------------------+-----
Fighting       | 2 3 |  3.1
Shapeshifting  | 4 5 |  5.0
Dodging        | 3 |  3.0
Shields        | 1 2 |  2.3
Unarmed Combat | 4 |  4.2
Throwing       | 1 |  1.0

Action                     |  1- 3 |  4- 6 |  7- 9 || total
---------------------------+-------+-------+-------++-------
  Melee: Unarmed           |    67 |    69 |    24 ||   160
         Tentacles         |    19 |    19 |     4 ||    42
         Constrict         |    23 |    19 |     7 ||    49
         Punch             |     1 |     2 |     1 ||     4
   Stab: Sleeping          |     3 |     7 |       ||    10
 Armour: Skin              |    25 |    24 |    10 ||    59
  Dodge: Dodged            |    52 |    28 |     8 ||    88
  Block: Buckler           |     2 |     7 |     2 ||    11

Table legend: (Time is in decaauts)
 A = Elapsed time spent in this place.
 B = Non-inter-level travel time spent in this place.
 C = Inter-level travel time spent in this place.
 D = Time resting spent in this place.
 E = Time spent auto-exploring this place.
 F = Levels seen in this place.
 G = Mean time per level.
                   A        B        C        D        E       F      G
               +--------+--------+--------+--------+--------+-----+--------+
         Total |   2663 |   2436 |    227 |     99 |   1911 |   4 |  665.8 |
       Dungeon |   2663 |   2436 |    227 |     99 |   1911 |   4 |  665.8 |
               +--------+--------+--------+--------+--------+-----+--------+

Top non-repeatable levels by time:
     D:3: 1169 daAuts
     D:1: 814 daAuts
     D:2: 422 daAuts
     D:4: 257 daAuts
